 Dungeon Crawl Stone Soup version 0.31-a0-978-g1e143483b6 (webtiles) character file.

Game seed: 861868115136555213

508 octoduck the Ruffian (level 6, 0/48 HPs)
             Began as a Draconian Shapeshifter on Oct 31, 2023.
             Slain by an iguana (10 damage)
             ... on level 5 of the Dungeon.
             The game lasted 00:15:02 (4237 turns).

octoduck the Ruffian (Draconian Shapeshifter)       Turns: 4237, Time: 00:15:03

Health: 0/48       AC:  6    Str: 16    XL:     6   Next: 98%
Magic:  6/6        EV: 12    Int: 11    God:
Gold:   190        SH:  0    Dex: 18    Spells: 5/5 levels left

rFire   + .          .
                       - Unarmed
rCold   . . .        (no shield)
rNeg    . . .        (body armour unavailable)
rPois   .            (helmet currently unavailable)
rElec   .            (cloak currently unavailable)
rCorr   .            (gloves currently unavailable)
SInv    .            (boots currently unavailable)
Will    .....        (no amulet)
Stlth   ++           h - ring of protection from fire
HPRegen 0.28/turn    j - +6 ring of dexterity
MPRegen 0.10/turn

%: no passive effects
@: beast-form
A: beast (slay +1), AC +6, unfitting armour, cold-blooded
a: Begin Untransformation


You were on level 5 of the Dungeon.
You were a hulking beast.
You visited 1 branch of the dungeon, and saw 7 of its levels.

You collected 190 gold pieces.

Inventory:

Missiles
 a - 2 curare-tipped darts
 m - 2 boomerangs
Jewellery
 h - a ring of protection from fire (left hand)
 j - a +6 ring of dexterity (right hand)
Talismans
 b - a beast talisman
 c - a flux talisman
 g - a maw talisman
Scrolls
 d - a scroll of teleportation
 e - 3 scrolls of amnesia
 f - a scroll of fear {unknown}
Potions
 i - a potion of brilliance
 k - a potion of enlightenment
 l - a potion of degeneration {unknown}


   Skills:
 + Level 2.1 Fighting
 - Level 1.7 Dodging
 * Level 7.8 Unarmed Combat
 - Level 3.0 Shapeshifting


You had 5 spell levels left.
You didn't know any spells.
Your spell library contained the following spells:

 Spells                   Type           Power      Damage    Failure   Level
 Poisonous Vapours        Pois/Air       0%         N/A       47%         2
 Mephitic Cloud           Conj/Pois/Air  0%         N/A       71%         3
 Freezing Cloud           Conj/Ice/Air   0%         6-21      100%        5


Dungeon Overview and Level Annotations

Branches:
Dungeon (7/15)             Temple (0/1) D:6

Altars:
Lugonu

Portals:
Abyss: D:7

Annotations:
D:2 Natasha, Robin


Innate Abilities, Weirdness & Mutations

You are a hulking beast.
Your limbs bulge with bestial killing power. (Slay +1)
Your plain brown scales are hard. (AC +6)
You cannot fit into any form of body armour.
You are cold-blooded and may be slowed by cold attacks.


Message History

You kill the quokka!
Things that are here:
a quokka corpse; an adder corpse You start resting.
HP restored.
There is a stone staircase leading down here.
You climb downwards.
Found 5 poisoned darts.
There is a stone staircase leading up here.
You barely miss the ogre. You tail-slap the ogre.
The ogre is lightly wounded.
The ogre hits you with a +0 giant spiked club!
You hit the ogre.
Your tail-slap misses the ogre.
The ogre is lightly wounded.
You hit the ogre. You tail-slap the ogre.
The ogre is heavily wounded.
The ogre hits you with a +0 giant spiked club!!
Ouch! That really hurt!
* * * LOW HITPOINT WARNING * * *
You hear an angry hiss.
You hit the ogre. You tail-slap the ogre.
The ogre is almost dead.
You punch the ogre!
You kill the ogre!
An iguana comes into view.
Your Fighting skill increases to level 2!
Found a scroll labelled WEROUNU WOMPU and 18 gold pieces.
You start resting.
An iguana is nearby!
You start resting.
An iguana is nearby!
The iguana hisses angrily.
You hit the iguana but do no damage. The iguana barely misses you.
You hit the iguana.
The iguana is lightly wounded.
The iguana misses you.
You hit the iguana but do no damage.
The iguana is lightly wounded.
The iguana bites you!
You die...

..P#..#.##.....* ***,*
.P.#..#.##.....# *,,,*
##....#.##.....### *,***
##.#.##.###.....(# *,*
##.#.##>##.......# *>*
..............(..####.#
##.###..#....l........# *****
##.............#.#***** *,,,,
##.###..#....<.#h# *,***
##..##>.....)..l.#******* *,***
##o.......#............,* *,**,
...##.##.....$.##.#####,*****,**,
..##*##?#..#.###*.#*,,,,,,,,,,,,,
...#,_,*##...,* *.#*,,,,,****,,,,
###..#.,,#...,* *.#*,*,,,* *****
.#,.#.#.,#...,* *..,,,,,,*
.!l,....,$..,,******,*,*,****


You could see an iguana.

Vanquished Creatures
  An ogre (D:5)
  A phantom (D:4)
  A jelly (D:4)
  A sleepcap (D:4)
  2 iguanas
  Natasha (D:2)
  2 orc wizards (D:3)
  8 adders
  A gnoll (D:1)
  A worm (D:2)
  A dart slug (D:1)
  5 orcs (D:3)
  6 ball pythons
  3 bats
  11 endoplasms
  3 giant cockroaches
  9 goblins
  6 hobgoblins
  6 kobolds
  9 quokkas
  4 frilled lizards
  7 rats
89 creatures vanquished.

Notes
Turn   | Place    | Note
-------+----------+-------------------------------------------
     0 | D:1      | octoduck the Draconian Shapeshifter began the quest for the
                  | Orb.
     0 | D:1      | Reached XP level 1. HP: 16/16 MP: 1/1
   210 | D:1      | Reached XP level 2. HP: 20/23 MP: 2/2
   543 | D:1      | Reached skill level 4 in Unarmed Combat
   739 | D:1      | Reached XP level 3. HP: 26/28 MP: 3/3
  1453 | D:2      | Noticed Robin
  1546 | D:2      | Noticed Natasha
  1566 | D:2      | Killed Natasha
  1567 | D:2      | Reached skill level 5 in Unarmed Combat
  1567 | D:2      | Reached XP level 4. HP: 35/35 MP: 4/4
  1719 | D:2      | Noticed Natasha
  2205 | D:3      | Found a faded altar of an unknown god.
  2240 | D:3      | Reached XP level 5. HP: 29/40 MP: 5/5
  2247 | D:3      | Reached skill level 6 in Unarmed Combat
  2960 | D:4      | Reached XP level 6. HP: 44/47 MP: 6/6
  3212 | D:4      | You fall into a shaft and drop 3 floors!
  3242 | D:7      | Found a corrupted altar of Lugonu.
  3242 | D:7      | Found a one-way gate to the infinite horrors of the Abyss.
  3301 | D:5      | Entered Level 5 of the Dungeon
  3311 | D:5      | Reached skill level 7 in Unarmed Combat
  3631 | D:4      | Noticed an ice beast
  4237 | D:5      | Slain by an iguana

Illustrated notes

Levels and vault maps discovered:
D:1:      roderic_dead_forest, layout_basic, minivault_14
D:2:      layout_loops_ring, minmay_lizard_pond, uniq_natasha, uniq_robin
D:3:      layout_loops_ring, nicolae_ecumenical_snake_handling
D:4:      layout_basic, nicolae_hepliaklqana_hippocampus
D:5:      layout_loops_cross, grunt_temple_overflow_diamond, grunt_ministairs_9,
          serial_bayou_pond_a, minmay_ruined_shrine
D:6:      layout_loops_corners, old_standard_altar, minmay_temple_entry_grid,
          serial_aquarium, aquarium_bridge_square [aquarium_subvault_window,
          aquarium_subvault_bridge, aquarium_subvault_wall,
          aquarium_subvault_bridge], aquarium_window_fake, aquarium_window_2,
          aquarium_window_corridor_2, aquarium_window_fake, aquarium_view_4,
          aquarium_pool_2, serial_shops, nicolae_shop_tiny_real_fake_doors
D:7:      layout_rooms, amcnicky_altar_lugonu_corruption

Skill      XL: |  1  2  3  4  5  6 |
---------------+-------------------+-----
Unarmed Combat | 4 5 6 7 |  7.8
Fighting       | 2 |  2.1
Dodging        | |  1.7
Shapeshifting  | |  3.0

Action                     |  1- 3 |  4- 6 || total
---------------------------+-------+-------++-------
  Melee: Unarmed           |    86 |   137 ||   223
         Tailslap          |     9 |    16 ||    25
         Punch             |     3 |     3 ||     6
    Use: Scroll            |     7 |     9 ||    16
         Potion            |     2 |     1 ||     3
   Stab: Sleeping          |     2 |       ||     2
 Armour: Skin              |    50 |    79 ||   129
  Dodge: Dodged            |    27 |    58 ||    85

Table legend: (Time is in decaauts)
 A = Elapsed time spent in this place.
 B = Non-inter-level travel time spent in this place.
 C = Inter-level travel time spent in this place.
 D = Time resting spent in this place.
 E = Time spent auto-exploring this place.
 F = Levels seen in this place.
 G = Mean time per level.
                   A        B        C        D        E       F      G
               +--------+--------+--------+--------+--------+-----+--------+
         Total |   4235 |   3769 |    466 |    789 |   1804 |   7 |  605.0 |
       Dungeon |   4235 |   3769 |    466 |    789 |   1804 |   7 |  605.0 |
               +--------+--------+--------+--------+--------+-----+--------+

Top non-repeatable levels by time:
     D:4: 1288 daAuts
     D:3: 1024 daAuts
     D:1: 985 daAuts
     D:2: 788 daAuts
     D:5: 60 daAuts
     D:6: 47 daAuts
     D:7: 40 daAuts
